 Dungeon Crawl Stone Soup version 0.21-a0-405-gf2af9a1 (webtiles) character file.

44865 Mamutox the Severer (level 13, -1/183 HPs)
             Began as a Minotaur Berserker on Nov 1, 2017.
             Was a High Priest of Trog.
             Killed from afar by a shock serpent (3 damage)
             ... with an electric aura
             ... on level 3 of the Snake Pit.
             The game lasted 01:28:39 (15257 turns).

Mamutox the Severer (Minotaur Berserker)           Turns: 15257, Time: 01:28:40

Health: -1/183     AC: 20    Str: 28    XL:     13   Next: 98%
Magic:  12/12      EV: 11    Int:  6    God:    Trog [*****.]
Gold:   988        SH:  9    Dex: 14    Spells: 12/12 levels left

rFire    . . .     SeeInvis +   E - +2 broad axe (elec)
rCold    . . .     Gourm    .   N - +0 buckler
rNeg     . . .     Faith    .   G - +4 plate armour
rPois    +         Spirit   .   (helmet restricted)
rElec    .         Reflect  .   (no cloak)
rCorr    .         Harm     .   (no gloves)
MR       .....                  (no boots)
Stlth    ..........             a - amulet of regeneration
HPRegen  0.00/turn              M - ring of see invisible
MPRegen  0.13/turn              i - ring of poison resistance

@: berserking, very quick
A: retaliatory headbutt, horns 2, talons 1, large bone plates 1, clever 1,
inhibited regeneration
a: Berserk, Trog's Hand, Brothers in Arms, Burn Spellbooks, Renounce Religion


You were on level 3 of the Snake Pit.
You worshipped Trog.
Trog was extremely pleased with you.
You were hungry.

You visited 4 branches of the dungeon, and saw 14 of its levels.
You also visited: Sewer and Ossuary.

You collected 988 gold pieces.

Inventory:

Hand Weapons
 j - a +0 shortbow of flaming
 m - a +3 falchion
 v - a +0 fustibalus
 E - a +2 broad axe of electrocution (weapon)
 R - a +2 antimagic executioner's axe
 W - a +0 blowgun
Missiles
 g - a throwing net (quivered)
 h - 76 sling bullets
 l - 111 arrows
 Q - 38 poisoned needles
Armour
 y - a cursed +0 chain mail
 G - a +4 plate armour (worn)
 N - a +0 buckler (worn)
 P - a +3 chain mail
Jewellery
 a - an amulet of regeneration (around neck)
 i - a ring of poison resistance (right hand)
 p - a +2 amulet of reflection
 L - an uncursed amulet of harm
 M - a ring of see invisible (left hand)
 S - an uncursed ring of protection from fire
Wands
 b - a wand of iceblast (7/15)
 n - a wand of iceblast (7/15)
 s - a wand of polymorph (19/24)
 w - a wand of digging (9/24)
 C - a wand of lightning (8/15)
 D - a wand of paralysis (15/24)
 I - a wand of confusion (26/48)
 V - a wand of polymorph (11/24)
 X - a wand of lightning (7/15)
 Y - a wand of digging (9/24)
Scrolls
 k - 7 scrolls of identify
 q - 13 scrolls of teleportation
 x - 7 scrolls of remove curse
 z - a scroll of magic mapping
 B - 4 scrolls of fear
 F - 4 scrolls of enchant armour
 K - a scroll of recharging
Potions
 d - a potion of brilliance {unknown}
 e - a potion of agility
 f - 4 potions of might
 o - 6 potions of curing
 r - 3 potions of degeneration
 u - 2 potions of heal wounds
 A - 2 potions of ambrosia {unknown}
 H - a potion of lignification
 J - a potion of invisibility
 O - a potion of cancellation
Comestibles
 c - 4 bread rations
 t - 5 royal jellies
 T - 12 fruits


   Skills:
 + Level 13.4 Fighting
 + Level 18.2 Axes
 + Level 15.3 Armour
 + Level 4.7 Dodging
 + Level 1.1 Stealth
 * Level 5.7 Shields


You had 12 spell levels left.
You didn't know any spells.

Dungeon Overview and Level Annotations

Branches:
Dungeon (8/15)             Temple (1/1) D:5            Lair (2/6) D:8
  Swamp (0/4) Lair:2        Snake (3/4) Lair:2

Altars:
Ashenzari
Cheibriados
Dithmenos
Elyvilon
Fedhas
Gozag
Hepliaklqana
Kikubaaqudgha
Makhleb
Nemelex Xobeh
Okawaru
Qazlal
Ru
Sif Muna
Uskayaw
Vehumet
Wu Jian
Xom
Yredelemnul
Zin
The Shining One

Annotations:
Lair:1 exclusion: 4 oklob plants


Innate Abilities, Weirdness & Mutations

You reflexively headbutt those who attack you in melee.
You have a pair of horns on your head.
You have sharp toenails.
You are partially covered in large bone plates. (SH +4)
Your mind is acute. (Int +2)
You do not regenerate when monsters are visible.


Message History

The shock serpent's electric aura discharges, shocking you!
The shock serpent shoots out a bolt of lightning at you!
The bolt of electricity hits you! x2
* * * LOW HITPOINT WARNING * * *
The bolt of electricity misses the shock serpent.
There is a stone staircase leading up here.
A red film seems to cover your vision as you go berserk!
You feel yourself moving faster!
You feel mighty!
You are feeling hungry.
The shock serpent shoots out a bolt of lightning at you!
The bolt of electricity hits you!
* * * LOW HITPOINT WARNING * * *
The bolt of electricity hits you!
* * * LOW HITPOINT WARNING * * *
The bolt of electricity hits the shock serpent.
The shock serpent completely resists.
You block the shock serpent's attack.
You hit the shock serpent. You claw the shock serpent!
The shock serpent is severely wounded.
The shock serpent's electric aura discharges, shocking you!
You die...

# #.... #.#).≈.
########## .#.≈≈≈
#@S....... ..≈..
##############....
#...........#+#
#.#[..>........
#<'....N.......
#.#.....[##.#.#
#.###N...##.#..
#.# #....+)....
###.###....##N#..


You could see a shock serpent.

Vanquished Creatures
  A nagaraja (Snake:2)
  Aizul (Snake:3)
  7 naga warriors
  4 anacondas
  The ghost of Lucama221 the Blocker, a novice MiFi of Okawaru (Lair:2)
  A two-headed ogre (D:8)
  A shock serpent (Snake:1)
  2 naga sharpshooters
  2 salamander mystics
  2 naga ritualists (Snake:2)
  6 mana vipers
  8 salamanders
  2 guardian serpents
  25 black mambas
  The ghost of ohad the Changer, a novice NaTm (D:6)
  3 naga magi
  A spiny frog (Lair:2)
  2 komodo dragons
  A polar bear (Lair:2)
  A troll (D:7)
  Grinder (D:6)
  3 blink frogs (Lair:1)
  4 hippogriffs (Lair:1)
  14 yaks
  2 basilisks
  A hungry ghost (D:7)
  15 nagas
  10 water moccasins
  4 porcupines
  A sky beast (D:6)
  An orc warrior (D:8)
  A black bear (Lair:1)
  An ice beast (D:7)
  3 ogres
  2 phantoms
  2 centaurs (D:7)
  5 crocodiles
  2 big kobolds
  13 bullfrogs
  3 scorpions
  5 killer bees (D:7)
  4 howler monkeys
  2 electric eels (D:6)
  5 crimson imps
  A centaur skeleton (D:5)
  A hound (D:7)
  2 orc priests (D:8)
  2 iguanas
  4 orc wizards
  3 worker ants
  A hound skeleton (D:6)
  8 mummies (Ossuary)
  A worker ant zombie (D:8)
  A gnoll (D:6)
  A howler monkey skeleton (D:6)
  19 adders
  7 river rats
  2 oozes
  2 adder skeletons
  3 worms
  5 dart slugs
  3 leopard geckos
  11 orcs
  12 ball pythons
  4 bats
  3 bat skeletons (D:3)
  3 bat zombies (D:3)
  7 giant cockroaches
  3 hobgoblins
  16 jackals
  15 kobolds
  A quokka (D:7)
  4 frilled lizards
  6 goblins
  3 hobgoblin zombies (Ossuary)
  A jackal skeleton (D:5)
  A kobold zombie (Ossuary)
  4 orc zombies (Ossuary)
  32 rats
  2 rat zombies (D:4)
  2 fungi
  4 plants
376 creatures vanquished.

Vanquished Creatures (collateral kills)
  A naga warrior (Snake:1)
  An anaconda (Snake:2)
  2 naga ritualists
  A salamander (Snake:1)
  3 naga magi (Snake:1)
  A black mamba (Snake:2)
  A wyvern (D:8)
  A crimson imp (D:8)
  A worker ant (D:8)
  A leopard gecko (D:8)
  2 orcs (D:8)
  A quokka (D:8)
16 creatures vanquished.

Grand Total: 392 creatures vanquished

Notes
Turn   | Place    | Note
-------+----------+-------------------------------------------
     0 | D:1      | Mamutox the Minotaur Berserker began the quest for the Orb.
     0 | D:1      | Reached XP level 1. HP: 19/19 MP: 0/0
     1 | D:1      | Noticed a demigod
     2 | D:1      | Noticed a demonspawn
     4 | D:1      | Noticed a merfolk
     4 | D:1      | Noticed an octopode
     6 | D:1      | Noticed an elf
     8 | D:1      | Noticed a felid
     8 | D:1      | Noticed a formicid
    10 | D:1      | Noticed a gargoyle
    10 | D:1      | Noticed a draconian
    12 | D:1      | Noticed a vampire
    12 | D:1      | Noticed a minotaur
    14 | D:1      | Noticed an ogre
    17 | D:1      | Noticed a tengu
    17 | D:1      | Noticed a centaur
    19 | D:1      | Noticed a ghoul
    21 | D:1      | Noticed a troll
    21 | D:1      | Noticed a halfling
    23 | D:1      | Noticed a vine stalker
    23 | D:1      | Noticed a human
    25 | D:1      | Noticed a dwarf
    27 | D:1      | Noticed a spriggan
    27 | D:1      | Noticed a naga
   126 | D:1      | Reached XP level 2. HP: 26/27 MP: 1/1
   130 | D:1      | Reached skill level 4 in Axes
   753 | D:1      | Reached XP level 3. HP: 30/33 MP: 2/2
  1049 | D:2      | Reached XP level 4. HP: 40/41 MP: 3/3
  1510 | D:2      | Found an ornate altar of the Wu Jian Council.
  1853 | D:3      | Found a blossoming altar of Fedhas.
  1882 | D:3      | Reached skill level 5 in Axes
  2053 | D:3      | Reached ** piety under Trog
  2097 | D:3      | Found a glowing drain.
  2111 | D:3      | Reached skill level 5 in Fighting
  2111 | D:3      | Reached XP level 5. HP: 34/48 MP: 4/4
  2219 | Sewer    | Entered a sewer
  2603 | Sewer    | Reached skill level 6 in Axes
  2612 | Sewer    | Reached *** piety under Trog
  2932 | Sewer    | Reached XP level 6. HP: 19/56 MP: 5/5
  3541 | D:3      | Found a blossoming altar of Fedhas.
  3892 | D:3      | Found an ancient bone altar of Kikubaaqudgha.
  4099 | D:4      | Reached XP level 7. HP: 62/62 MP: 6/6
  4245 | D:4      | Found a sand-covered staircase.
  4262 | Ossuary  | Entered an ossuary
  4286 | Ossuary  | Reached skill level 7 in Axes
  4954 | D:4      | Found a burning altar of Makhleb.
  5060 | D:5      | Entered Level 5 of the Dungeon
  5068 | D:5      | Reached skill level 8 in Axes
  5163 | D:5      | Reached **** piety under Trog
  5340 | D:5      | Reached skill level 5 in Armour
  5340 | D:5      | Reached XP level 8. HP: 70/70 MP: 7/7
  5359 | D:5      | Found a radiant altar of Vehumet.
  5527 | D:5      | Found a basalt altar of Yredelemnul.
  5527 | D:5      | Found a snail-covered altar of Cheibriados.
  5594 | D:5      | Found a staircase to the Ecumenical Temple.
  5601 | Temple   | Entered the Ecumenical Temple
  5802 | D:6      | Got a pitted leather armour
  5827 | D:6      | Reached skill level 9 in Axes
  5865 | D:6      | Noticed Grinder
  5875 | D:6      | Killed Grinder
  6145 | D:6      | Noticed ohad's ghost (novice NaTm)
  6157 | D:6      | Killed ohad's ghost
  6157 | D:6      | Reached skill level 10 in Axes
  6303 | D:6      | Found a snail-covered altar of Cheibriados.
  7476 | D:6      | Reached XP level 9. HP: 71/79 MP: 8/8
  7982 | D:7      | Reached skill level 11 in Axes
  7996 | D:7      | Noticed a troll
  8011 | D:7      | Killed a troll
  8011 | D:7      | Reached skill level 1 in Stealth
  8099 | D:7      | Found a shattered altar of Ashenzari.
  8540 | D:7      | Reached ***** piety under Trog
  8829 | D:8      | Noticed a two-headed ogre
  8838 | D:8      | Killed a two-headed ogre
  8838 | D:8      | Reached skill level 12 in Axes
  8838 | D:8      | Reached XP level 10. HP: 90/90 MP: 9/9
  9027 | D:8      | Received a gift from Trog
  9027 | D:8      | Reached skill level 10 in Armour
  9116 | D:8      | Found a shimmering altar of Xom.
  9193 | D:8      | Found a staircase to the Lair.
  9202 | Lair:1   | Entered Level 1 of the Lair of Beasts
  9318 | Lair:1   | Got a steaming ring mail
  9567 | Lair:1   | Reached skill level 13 in Axes
  9587 | Lair:1   | Received a gift from Trog
  9805 | Lair:1   | Noticed an oklob plant
  9805 | Lair:1   | Noticed an oklob plant
  9846 | Lair:1   | Noticed an oklob plant
  9846 | Lair:1   | Noticed an oklob plant
  9846 | Lair:1   | Noticed a black mamba
  9859 | Lair:1   | Killed a black mamba
  9859 | Lair:1   | Reached skill level 10 in Fighting
  9859 | Lair:1   | Reached XP level 11. HP: 81/99 MP: 3/10
 10603 | Lair:2   | Reached skill level 14 in Axes
 10703 | Lair:2   | Found a staircase to the Swamp.
 10979 | Lair:2   | Noticed Lucama221's ghost (novice MiFi)
 10989 | Lair:2   | Killed Lucama221's ghost
 11122 | Lair:2   | Found a staircase to the Snake Pit.
 11179 | Snake:1  | Entered Level 1 of the Snake Pit
 11284 | Snake:1  | Noticed a naga warrior
 11305 | Snake:1  | Killed a naga warrior
 11505 | Snake:1  | Gained mutation: You have sharp toenails. [potion of mutation]
 11505 | Snake:1  | Gained mutation: You are surrounded by a mild repulsion field. (EV +2) [potion of mutation]
 11505 | Snake:1  | Gained mutation: You are partially covered in large bone plates. (SH +4) [potion of mutation]
 11505 | Snake:1  | Gained mutation: Your mind is acute. (Int +2) [potion of mutation]
 11634 | Snake:1  | Reached skill level 15 in Axes
 11779 | Snake:1  | Noticed a shock serpent
 11791 | Snake:1  | Killed a shock serpent
 11978 | Snake:1  | Noticed a naga ritualist
 12011 | Snake:1  | Noticed a naga warrior
 12018 | Snake:1  | Reached XP level 12. HP: 39/110 MP: 3/11
 12030 | Snake:1  | Killed a naga warrior
 12188 | Snake:1  | Noticed a naga warrior
 12200 | Snake:1  | Reached skill level 1 in Shields
 12204 | Snake:1  | Killed a naga warrior
 12299 | Snake:1  | Noticed an anaconda
 12312 | Snake:1  | Killed an anaconda
 12854 | Snake:2  | Reached skill level 16 in Axes
 12895 | Snake:2  | Noticed a nagaraja
 13003 | Snake:2  | Killed a nagaraja
 13008 | Snake:2  | Noticed an anaconda
 13014 | Snake:2  | Killed an anaconda
 13222 | Snake:3  | Reached XP level 13. HP: 98/118 MP: 4/12
 13333 | Snake:3  | Noticed Aizul
 13348 | Snake:3  | Killed Aizul
 13348 | Snake:3  | Reached skill level 17 in Axes
 13379 | Snake:3  | Gained mutation: You do not regenerate when monsters are visible. [mutagenic meat]
 13380 | Snake:3  | Lost mutation: You are surrounded by a mild repulsion field. (EV +2) [mutagenic meat]
 14056 | Snake:2  | Received a gift from Trog
 14363 | Snake:2  | Reached skill level 15 in Armour
 14368 | Snake:2  | HP: 2/178 [salamander (8)]
 14698 | Snake:2  | Reached skill level 18 in Axes
 14714 | Snake:2  | Reached skill level 5 in Shields
 15256 | Snake:3  | HP: 2/183 [shock serpent/bolt of electricity (18)]
 15257 | Snake:3  | Killed from afar by a shock serpent

Vault maps used:
D:1:      kb_arrival_jail, grunt_decor_resistance, minmay_misc_feat_columns
D:2:      overflow_temple_1_default, first_bread, nrook_mini_backslash
D:3:      lemuel_doored_altar, kennysheep_vampire_church, portal_sewer_entry_a,
          fedhas_altar_1
D:4:      makhleb_grotto_becter, enter_ossuary_4, hangedman_decor_lopped
D:5:      vehumet_crystals, gammafunk_temple_overflow_wave,
          minmay_temple_entry_enclosed_plants
D:6:      kb_forest_paths, basic_altar, kennysheep_flooded_box, uniq_grinder
D:7:      overflow_temple_1_default
D:8:      nicolae_overflow_crystal_walls, lair_entry_dummy
Temple:   minmay_temple_bridge_abc
Lair:1:   minmay_hedge_maze, minmay_lair_oklob_chamber, lemuel_fruit_tree
Lair:2:   swamp_mist, minmay_snake_entry_six_corridors
Snake:3:  uniq_aizul
Sewer:    sewer_minmay_w
Ossuary:  ossuary_tomb_3

Skill      XL: |  1  2  3  4  5  6  7  8  9 10 11 12 13 |
---------------+----------------------------------------+-----
Fighting       | 4 5 6 7 8 10 11 12 13 | 13.4
Axes           | 4 5 6 8 10 12 13 15 16 18 | 18.2
Armour         | 3 4 5 7 9 11 12 14 15 | 15.3
Dodging        | 3 4 |  4.7
Stealth        | 1 |  1.1
Shields        | 3 5 |  5.7

Action                   |  1- 3 |  4- 6 |  7- 9 | 10-12 | 13-15 || total
-------------------------+-------+-------+-------+-------+-------++-------
Melee: Hand axe          |    52 |   177 |   340 |    72 |       ||   641
       Headbutt          |     7 |    25 |    90 |    96 |    51 ||   269
       War axe           |       |       |       |    40 |       ||    40
       Executioner's axe |       |       |       |   267 |    71 ||   338
       Kick              |       |       |       |    51 |    69 ||   120
       Broad axe         |       |       |       |       |   137 ||   137
Invok: Berserk           |       |       |     6 |    16 |     7 ||    29
       Brothers in Arms  |       |       |     1 |     2 |     1 ||     4
       Burn Spellbooks   |       |       |       |     2 |       ||     2
       Trog's Hand       |       |       |       |     3 |     5 ||     8
Evoke: Wand              |       |       |       |       |     1 ||     1
  Use: Scroll            |       |     5 |     9 |     4 |     2 ||    20
       Potion            |       |     1 |       |    16 |       ||    17
  Eat: Chunk             |       |    10 |    13 |    17 |     2 ||    42
       Meat ration       |       |       |     1 |     2 |       ||     3
       Bread ration      |       |       |     1 |     1 |     3 ||     5
       Fruit             |       |       |       |     1 |     1 ||     2
       Royal jelly       |       |       |       |       |     1 ||     1
Armor: Animal skin       |    10 |     3 |       |       |       ||    13
       Ring mail         |       |    82 |       |       |       ||    82
       Plate armour      |       |       |   158 |   299 |    94 ||   551
Dodge: Dodged            |    33 |   209 |   100 |   247 |    90 ||   679
Block: Other             |       |       |       |    39 |    15 ||    54
       Buckler           |       |       |       |       |    48 ||    48

Table legend:
 A = Spawn XP
 B = Non-spawn XP
 C = Spawn XP percentage of total XP
 D = Spawn monster count
 E = Non-spawn monster count
 F = Spawn count percentage of total count
 G = Total turns spent on level
                    A         B        C        D         E        F      G
               +---------+---------+-------+---------+---------+-------+---------
         Total |       0 |   64094 |   0.0 |       0 |     386 |   0.0 | 15257
               +---------+---------+-------+---------+---------+-------+---------
           D:1 |       0 |      42 |   0.0 |       0 |      17 |   0.0 |   823
           D:2 |       0 |      94 |   0.0 |       0 |      13 |   0.0 |   950
           D:3 |       0 |     120 |   0.0 |       0 |      37 |   0.0 |   927
           D:4 |       0 |     305 |   0.0 |       0 |       8 |   0.0 |   662
           D:5 |       0 |     453 |   0.0 |       0 |      13 |   0.0 |   644
           D:6 |       0 |    1512 |   0.0 |       0 |      25 |   0.0 |  1870
           D:7 |       0 |    1802 |   0.0 |       0 |      36 |   0.0 |  1163
           D:8 |       0 |    1812 |   0.0 |       0 |      26 |   0.0 |   388
        Lair:1 |       0 |    5180 |   0.0 |       0 |      28 |   0.0 |  1152
        Lair:2 |       0 |    5910 |   0.0 |       0 |      32 |   0.0 |   825
       Snake:1 |       0 |   12202 |   0.0 |       0 |      26 |   0.0 |  1836
       Snake:2 |       0 |   26532 |   0.0 |       0 |      50 |   0.0 |  1661
       Snake:3 |       0 |    7613 |   0.0 |       0 |      11 |   0.0 |   581
         Sewer |       0 |     368 |   0.0 |       0 |      48 |   0.0 |  1252
       Ossuary |       0 |     149 |   0.0 |       0 |      16 |   0.0 |   446
               +---------+---------+-------+---------+---------+-------+---------
